 Dungeon Crawl Stone Soup version 0.30.1-3-gfc49f6343a (webtiles) character file.

Game seed: 1328085219471931694

5502 FishyPogo the Carver (level 10, 0/82 HPs)
             Began as a Gnoll Cinder Acolyte on Aug 2, 2023.
             Was a High Priest of Ignis.
             Slain by a redback (3 damage)
             ... on level 6 of the Dungeon.
             The game lasted 00:37:20 (9278 turns).

FishyPogo the Carver (Gnoll Cinder Acolyte)         Turns: 9278, Time: 00:37:20

Health: 0/82       AC:  6    Str: 13    XL:     10   Next: 70%
Magic:  11/19      EV: 13    Int: 17    God:    Ignis [*****.]
Gold:   535        SH:  0    Dex:  9    Spells: 10/21 levels left

rFire   + . .        b - +4 falchion (vamp)
rCold   . . .        v - orb {light}
rNeg    . . .        s - +1 troll leather armour {Pargi}
rPois   .            (no helmet)
rElec   .            (no cloak)
rCorr   .            (no gloves)
SInv    .            (no boots)
Will    .....        p - amulet of regeneration
Stlth   +            (no ring)
HPRegen 1.93/turn    (no ring)
MPRegen 0.16/turn

%: no passive effects
@: lethally poisoned (0 -> -2), silenced, glowing
A: fangs 1, strong nose, distributed training, noise suppression
a: Renounce Religion


You were on level 6 of the Dungeon.
You worshipped Ignis.
Ignis was extremely pleased with you.
You visited 1 branch of the dungeon, and saw 10 of its levels.
You also visited: Sewer.

You collected 535 gold pieces.

Inventory:

Hand Weapons
 a - a +4 dagger of draining
 b - a +4 vampiric falchion (weapon)
 z - a +4 battleaxe
 B - a +0 dire flail of holy wrath
Missiles
 e - 9 boomerangs
 f - 83 stones (quivered)
 r - 11 poisoned darts
Armour
 s - a +1 troll leather armour (worn) {Pargi}
 v - an orb of light (worn)
Magical Staves
 D - a staff of cold
Jewellery
 n - an amulet of faith
 p - an amulet of regeneration (around neck)
 C - a ring of flight
Wands
 q - a wand of charming (4)
Scrolls
 c - 4 scrolls of amnesia
 d - 3 scrolls of teleportation
 h - 4 scrolls of poison {unknown}
 i - 2 scrolls of fog {unknown}
 j - 8 scrolls of identify {unknown}
 l - 3 scrolls of magic mapping
 m - a scroll of fear
 o - a scroll of acquirement {unknown}
 t - a scroll of blinking
 y - a scroll of enchant armour
Potions
 k - 4 potions of invisibility
 x - a potion of flight


   Skills:
 + Level 8.8 Fighting
 + Level 5.7 Short Blades
 + Level 8.8 Long Blades
 + Level 5.7 Axes
 + Level 5.7 Maces & Flails
 + Level 5.7 Polearms
 + Level 5.7 Staves
 + Level 5.7 Ranged Weapons
 + Level 5.7 Throwing
 + Level 5.7 Armour
 + Level 5.7 Dodging
 + Level 5.7 Stealth
 + Level 5.7 Shields
 + Level 5.7 Unarmed Combat
 + Level 6.4 Spellcasting
 + Level 4.7 Conjurations
 + Level 4.7 Hexes
 + Level 4.7 Summonings
 + Level 4.7 Necromancy
 + Level 4.7 Translocations
 + Level 4.7 Transmutations
 + Level 7.3 Fire Magic
 + Level 4.7 Ice Magic
 + Level 4.7 Air Magic
 + Level 4.7 Earth Magic
 + Level 4.7 Poison Magic
 + Level 6.3 Invocations
 + Level 5.7 Evocations


You had 10 spell levels left.
You knew the following spells:

 Your Spells              Type           Power      Damage    Failure   Level
a - Foxfire               Conj/Fire      100%       2x1d9     1%          1
b - Sticky Flame          Conj/Fire      26%        2d5       12%         4
k - Animate Dead          Necr           21%        N/A       22%         4
l - Scorch                Fire           60%        2d7       1%          2

Your spell library contained the following spells:

 Spells                   Type           Power      Damage    Failure   Level
 Inner Flame              Hex/Fire       26%        N/A       3%          3
 Ignite Poison            Fire/Tmut/Pois 24%        N/A       4%          3
 Leda's Liquefaction      Hex/Erth       10%        N/A       22%         4
 Fireball                 Conj/Fire      13%        3d7       34%         5
 Borgnjor's Vile Clutch   Necr/Erth      10%        N/A       52%         5
 Lee's Rapid Deconstruct  Erth           10%        3d8*      52%         5
 Death Channel            Necr           10%        N/A       97%         6
 Statue Form              Tmut/Erth      14%        N/A       97%         6


Dungeon Overview and Level Annotations

Branches:
Dungeon (10/15)            Temple (0/1) D:6            Lair (0/5) D:8
  Sewer (visited)
    Orc: D:9-12

Altars:
Dithmenos
Gozag
Sif Muna
Yredelemnul

Shops:
D:3 *   D:6 (   D:8 :

Annotations:
D:6 2 runed translucent doors


Innate Abilities, Weirdness & Mutations

You have very sharp teeth.
Your uncanny sense of smell can sniff out nearby items.
Your experience applies equally to all skills.
You passively dampen the noise of your surroundings.


Message History

As you read the scroll labelled DIBBEOTHREANG, it crumbles to dust.
A profound silence engulfs you.
It was a scroll of silence.
You feel sick. The redback bites you.
* * * LOW HITPOINT WARNING * * *
You are lethally poisoned!
The redback poisons you!
You slash the redback!
You feel better.
The redback is moderately wounded.
* * * LOW HITPOINT WARNING * * *
You feel extremely sick.
The redback bites you but does no damage.
Your orb glows too brightly for you to become invisible.
Use anyway? [Y]es or [N]o only, please.
Your orb glows too brightly for you to become invisible.
Use anyway?
Okay, then.
Okay, then.
Okay, then.
Unknown command.
You cannot cast spells when silenced!
You are too injured to fight recklessly!
You slash the redback!
You feel better.
The redback is severely wounded.
* * * LOW HITPOINT WARNING * * *
You feel extremely sick.
The redback bites you but does no damage.
* * * LOW HITPOINT WARNING * * *
You feel extremely sick. The redback attacks as you move away!
The redback closely misses you.
* * * LOW HITPOINT WARNING * * *
You feel very sick. The redback bites you.
* * * LOW HITPOINT WARNING * * *
* * * LOW HITPOINT WARNING * * *
You feel very sick.
You hit the redback.
You feel better.
The redback is lightly wounded.
* * * LOW HITPOINT WARNING * * *
You feel very sick. The redback bites you.
You die...

#.......########..
#.......# #.. #.......#
#.. #.####### #.. #.#
#.. #.# #.. #.# #.. #.#
#.. #@# #.. ######s# ###
##.....s##########
#..##..s.........#######
#.#...###S###...........
#...###S#S#s###.........
#..##..s#†#...##........
##.#....s's....#........
#.#....#:#....#........


You could see 3 redbacks, 2 scorpions and an adder.

Vanquished Creatures
  An ugly thing (D:8)
  Grinder (D:4)
  A polar bear (D:9)
  Sigmund (D:4)
  A vampire (D:9)
  Eustachio (D:3)
  2 yaks (D:9)
  An unseen horror simulacrum (D:9)
  A redback (D:6)
  Menkaure (D:6)
  A steam dragon (D:6)
  3 wargs (D:8)
  Edmund (D:6)
  3 water moccasins
  3 ice beasts
  2 black bears (D:6)
  Pargi (Sewer)
  2 sky beasts
  A phantom (D:7)
  A kobold brigand (Sewer)
  A scorpion (D:5)
  5 bullfrogs
  3 wights (D:8)
  6 killer bees (D:5)
  A howler monkey (D:8)
  An electric eel (D:9)
  4 hounds
  A jelly (D:5)
  5 orc priests
  5 iguanas
  12 orc wizards
  4 gnolls (D:3)
  11 adders
  2 white imps
  An ufetubus (D:9)
  3 worms
  5 dart slugs
  27 orcs
  2 bats
  4 endoplasms
  5 giant cockroaches
  9 goblins
  4 hobgoblins
  10 jackals
  10 kobolds
  3 quokkas
  5 ball pythons
  6 frilled lizards
  5 rats
  A butterfly (D:6)
190 creatures vanquished.

Vanquished Creatures (others)
  A yak zombie (D:9)
  443 foxfires
444 creatures vanquished.

Grand Total: 634 creatures vanquished

Notes
Turn   | Place    | Note
-------+----------+-------------------------------------------
     0 | D:1      | FishyPogo the Gnoll Cinder Acolyte began the quest for the
                  | Orb.
     0 | D:1      | Reached XP level 1. HP: 23/23 MP: 4/4
   304 | D:1      | Reached XP level 2. HP: 25/29 MP: 5/5
   307 | D:1      | Learned a level 2 spell: Scorch
   783 | D:1      | Reached XP level 3. HP: 13/35 MP: 0/7
  1274 | D:2      | Reached skill level 1 in Invocations
  1365 | D:2      | Reached skill level 1 in Short Blades
  1365 | D:2      | Reached skill level 1 in Axes
  1365 | D:2      | Reached skill level 1 in Maces & Flails
  1365 | D:2      | Reached skill level 1 in Polearms
  1365 | D:2      | Reached skill level 1 in Staves
  1365 | D:2      | Reached skill level 1 in Ranged Weapons
  1365 | D:2      | Reached skill level 1 in Throwing
  1365 | D:2      | Reached skill level 1 in Armour
  1365 | D:2      | Reached skill level 1 in Dodging
  1365 | D:2      | Reached skill level 1 in Stealth
  1365 | D:2      | Reached skill level 1 in Shields
  1365 | D:2      | Reached skill level 1 in Unarmed Combat
  1365 | D:2      | Reached skill level 1 in Evocations
  1439 | D:2      | Got Leis Ire's Notes on Sparks
  1449 | D:2      | Learned a level 1 spell: Foxfire
  1483 | D:2      | Reached XP level 4. HP: 41/41 MP: 5/8
  1800 | D:2      | Reached skill level 1 in Conjurations
  1800 | D:2      | Reached skill level 1 in Hexes
  1800 | D:2      | Reached skill level 1 in Summonings
  1800 | D:2      | Reached skill level 1 in Necromancy
  1800 | D:2      | Reached skill level 1 in Translocations
  1800 | D:2      | Reached skill level 1 in Transmutations
  1800 | D:2      | Reached skill level 1 in Ice Magic
  1800 | D:2      | Reached skill level 1 in Air Magic
  1800 | D:2      | Reached skill level 1 in Earth Magic
  1800 | D:2      | Reached skill level 1 in Poison Magic
  2190 | D:3      | Reached XP level 5. HP: 47/47 MP: 4/9
  2355 | D:3      | Found a shimmering blue altar of Sif Muna.
  2358 | D:3      | Found a basalt altar of Yredelemnul.
  2361 | D:3      | Found a shadowy altar of Dithmenos.
  2364 | D:3      | Found an opulent altar of Gozag.
  2428 | D:3      | Found a glowing drain.
  2457 | Sewer    | Entered a sewer
  2482 | Sewer    | Noticed a kobold brigand
  2492 | Sewer    | Killed a kobold brigand
  2606 | Sewer    | Noticed Pargi
  2611 | Sewer    | Killed Pargi
  2612 | Sewer    | Reached XP level 6. HP: 28/53 MP: 2/11
  2745 | D:3      | Found Geharch's General Store.
  3058 | D:4      | Noticed Sigmund
  3229 | D:4      | Noticed Grinder
  3240 | D:4      | Noticed Eustachio
  3283 | D:4      | Reached XP level 7. HP: 52/60 MP: 1/12
  3397 | D:3      | Killed Eustachio
  3488 | D:4      | Killed Sigmund
  3661 | D:4      | Paralysed by Grinder for 4 turns
  3676 | D:4      | Killed Grinder
  3677 | D:4      | Reached XP level 8. HP: 55/67 MP: 1/14
  4184 | D:5      | Entered Level 5 of the Dungeon
  4980 | D:5      | Reached XP level 9. HP: 69/73 MP: 8/16
  5162 | D:5      | Learned a level 4 spell: Sticky Flame
  5588 | D:6      | Reached skill level 5 in Spellcasting
  5858 | D:6      | Found Hyanedau's Antique Weapon Emporium.
  6093 | D:6      | Noticed Edmund
  6102 | D:6      | Killed Edmund
  6318 | D:6      | Noticed Menkaure
  6328 | D:6      | HP: 2/111 [sky beast (5)]
  6329 | D:6      | Killed Menkaure
  6330 | D:6      | Reached skill level 5 in Invocations
  6490 | D:6      | Found a runed translucent gate.
  6494 | D:6      | Found a runed translucent gate.
  6494 | D:6      | Found a runed translucent gate.
  6503 | D:6      | Found a runed translucent door.
  6614 | D:6      | Found the +9 staff of Olgreb {rPois∞}
  6621 | D:6      | Found a runed translucent door.
  6731 | D:6      | Found a staircase to the Ecumenical Temple.
  6958 | D:6      | Learned a level 4 spell: Animate Dead
  7611 | D:8      | Noticed a purple ugly thing
  7623 | D:8      | Killed a purple ugly thing
  7624 | D:8      | Reached skill level 5 in Short Blades
  7624 | D:8      | Reached skill level 5 in Axes
  7624 | D:8      | Reached skill level 5 in Maces & Flails
  7624 | D:8      | Reached skill level 5 in Polearms
  7624 | D:8      | Reached skill level 5 in Staves
  7624 | D:8      | Reached skill level 5 in Ranged Weapons
  7624 | D:8      | Reached skill level 5 in Throwing
  7624 | D:8      | Reached skill level 5 in Armour
  7624 | D:8      | Reached skill level 5 in Dodging
  7624 | D:8      | Reached skill level 5 in Stealth
  7624 | D:8      | Reached skill level 5 in Shields
  7624 | D:8      | Reached skill level 5 in Unarmed Combat
  7624 | D:8      | Reached skill level 5 in Evocations
  7624 | D:8      | Reached XP level 10. HP: 46/82 MP: 3/18
  7995 | D:8      | Found a staircase to the Lair.
  8012 | D:8      | Gained mutation: You are frail. (-10% HP) [potion of
                  | mutation]
  8012 | D:8      | Gained mutation: You are resistant to electric shocks.
                  | (rElec) [potion of mutation]
  8013 | D:8      | Lost mutation: You are frail. (-10% HP) [potion of
                  | mutation]
  8013 | D:8      | Lost mutation: You are resistant to electric shocks.
                  | (rElec) [potion of mutation]
  8013 | D:8      | Gained mutation: Your natural rate of healing is unusually
                  | fast. [potion of mutation]
  8013 | D:8      | Gained mutation: You sometimes lose your temper in combat.
                  | [potion of mutation]
  8013 | D:8      | Gained mutation: You expend magic power (3 MP) to
                  | strengthen your wands. [potion of mutation]
  8412 | D:8      | Found Pyiss's Book Shoppe.
  8711 | D:10     | Entered Level 10 of the Dungeon
  8908 | D:9      | Noticed a two-headed ogre
  9266 | D:6      | HP: 4/82 [redback (16)]
  9269 | D:6      | Lost mutation: You expend magic power (3 MP) to strengthen
                  | your wands. [potion of mutation]
  9269 | D:6      | Lost mutation: You sometimes lose your temper in combat.
                  | [potion of mutation]
  9269 | D:6      | Lost mutation: Your natural rate of healing is unusually
                  | fast. [potion of mutation]
  9269 | D:6      | Gained mutation: You passively dampen the noise of your
                  | surroundings. [potion of mutation]
  9277 | D:6      | HP: 4/82 [poisoned by a redback]
  9278 | D:6      | Slain by a redback

Illustrated notes

Levels and vault maps discovered:
D:1:      nagdon_arrival_zigzag_paths, layout_basic, lexackson_kobold_supper
D:2:      layout_basic
D:3:      layout_basic, grunt_temple_overflow_cloverleaf,
          cheibrodos_sewer_entry_drain, serial_shops, shop_statue,
          kennysheep_generic_room_6
D:4:      layout_rooms, uniq_sigmund, uniq_eustachio, uniq_grinder
D:5:      layout_basic
D:6:      layout_basic, minmay_temple_entry_butterflies, minmay_splitting_lines,
          nicolae_inconvenience_store, grunt_ministairs_1,
          minmay_guarded_unrand_staff_of_olgreb, uniq_edmund, uniq_menkaure
D:7:      layout_rooms
D:8:      layout_basic, erik_lair_orcish_takeover, serial_shops, shop
D:9:      layout_irregular_city, serial_ice, serial_ice_a, serial_ice_c,
          serial_ice_k, serial_ice_m, serial_ice_n, serial_ice_g, serial_ice_e,
          serial_ice_h
D:10:     layout_irregular_city

Skill      XL: |  1  2  3  4  5  6  7  8  9 10 |
---------------+-------------------------------+-----
Invocations    | 1 2 3 4 5 6 |  6.3
Short Blades   | 1 2 3 5 |  5.7
Axes           | 1 2 3 5 |  5.7
Maces & Flails | 1 2 3 5 |  5.7
Polearms       | 1 2 3 5 |  5.7
Staves         | 1 2 3 5 |  5.7
Ranged Weapons | 1 2 3 5 |  5.7
Throwing       | 1 2 3 5 |  5.7
Armour         | 1 2 3 5 |  5.7
Dodging        | 1 2 3 5 |  5.7
Stealth        | 1 2 3 5 |  5.7
Shields        | 1 2 3 5 |  5.7
Unarmed Combat | 1 2 3 5 |  5.7
Evocations     | 1 2 3 5 |  5.7
Spellcasting   | 3 4 5 6 |  6.4
Conjurations   | 1 2 3 4 |  4.7
Hexes          | 1 2 3 4 |  4.7
Summonings     | 1 2 3 4 |  4.7
Necromancy     | 1 2 3 4 |  4.7
Translocations | 1 2 3 4 |  4.7
Transmutations | 1 2 3 4 |  4.7
Ice Magic      | 1 2 3 4 |  4.7
Air Magic      | 1 2 3 4 |  4.7
Earth Magic    | 1 2 3 4 |  4.7
Poison Magic   | 1 2 3 4 |  4.7
Fighting       | 7 8 |  8.8
Long Blades    | 7 8 |  8.8
Fire Magic     | 6 7 |  7.3

Action                     |  1- 3 |  4- 6 |  7- 9 | 10-12 || total
---------------------------+-------+-------+-------+-------++-------
  Melee: Falchion          |    57 |    79 |    21 |    71 ||   228
         Bite              |     7 |     4 |    13 |     8 ||    32
         Short sword       |       |       |    13 |       ||    13
         Dagger            |       |       |    49 |       ||    49
  Throw: Stone             |     1 |       |       |       ||     1
   Cast: Scorch            |    18 |    11 |    49 |    12 ||    90
         Foxfire           |     2 |    83 |   133 |    54 ||   272
         Sticky Flame      |       |       |     2 |     8 ||    10
         Animate Dead      |       |       |       |     1 ||     1
 Invoke: Fiery Armour      |       |       |     1 |       ||     1
    Use: Scroll            |       |     4 |       |     5 ||     9
         Potion            |       |     1 |     6 |     6 ||    13
   Stab: Sleeping          |       |       |     1 |       ||     1
 Armour: Robe              |    11 |    10 |       |       ||    21
         Troll leather arm |       |    13 |    29 |    19 ||    61
         Skin              |       |       |     5 |       ||     5
  Dodge: Dodged            |    14 |    67 |    65 |    53 ||   199
